 Dungeon Crawl Stone Soup version 0.28.0 (webtiles) character file.

Game seed: 11941838091861434403

541 browni3141 the Chopper (level 7, 0/93 HPs)
             Began as a Minotaur Berserker on Feb 10, 2022.
             Was a Believer of Trog.
             Slain by an orc (4 damage)
             ... on level 4 of the Dungeon.
             The game lasted 00:01:26 (2579 turns).

browni3141 the Chopper (Minotaur Berserker)         Turns: 2579, Time: 00:01:27

Health: 0/93       AC:  0    Str: 23    XL:     7   Next: 5%
Magic:  6/6        EV: 11    Int:  4    God:    Trog [**....]
Gold:   128        SH:  0    Dex: 10    Spells: 6/6 levels left

rFire   . . .      SeeInvis .   a - +0 hand axe
rCold   . . .      Faith    .   (no shield)
rNeg    . . .      Spirit   .   k - +0 scale mail
rPois   .          Reflect  .   (helmet restricted)
rElec   .          Harm     .   (no cloak)
rCorr   .          Rampage  .   (no gloves)
Will    .....                   (no boots)
Stlth   ..........              (no amulet)
HPRegen 0.25/turn               (no ring)
MPRegen 0.10/turn               (no ring)

@: berserking, corroded, very quick
A: horns 2, retaliatory headbutt
a: Renounce Religion, Berserk, Trog's Hand


You were on level 4 of the Dungeon.
You worshipped Trog.
Trog was pleased with you.
You visited 1 branch of the dungeon, and saw 3 of its levels.

You collected 128 gold pieces.

Inventory:

Hand Weapons
 a - a +0 hand axe (weapon)
Armour
 b - a +0 animal skin
 k - a +0 scale mail (worn)
Scrolls
 d - a scroll of summoning {unknown}
 h - a scroll of enchant weapon {unknown}
 j - a scroll of noise {unknown}
 l - a scroll of fear {unknown}
 m - a scroll of teleportation {unknown}
 n - a scroll of amnesia {unknown}
Potions
 c - 2 potions of ambrosia {unknown}
 e - a potion of degeneration {unknown}
 f - a potion of cancellation {unknown}
 g - a potion of resistance {unknown}
 i - a potion of brilliance {unknown}


   Skills:
 + Level 5.7 Fighting
 + Level 5.7 Axes
 + Level 5.0 Armour
 + Level 4.5 Dodging


You had 6 spell levels left.
You didn't know any spells.
Your spell library was empty.

Dungeon Overview and Level Annotations

Branches:
Dungeon (2/15)

Altars:
Ashenzari


Innate Abilities, Weirdness & Mutations

You have a pair of horns on your head.
You reflexively headbutt those who attack you in melee.


Message History

Trog accepts your kill.
You hit the jelly.
Your hands burn!
The orc hits you from afar with a +0 trident.
The jelly hits you.
You are splashed with acid.
Unknown command.
You hit the jelly but do no damage.
Your hands burn!
The jelly is heavily wounded.
The orc closely misses you. The jelly closely misses you.
You slash the jelly! The acid corrodes you!
Your hands burn!
You headbutt the jelly.
The jelly is almost dead.
The orc barely misses you. The jelly closely misses you.
Unknown command.
Unknown command.
You hit the jelly.
You kill the jelly!
Trog accepts your kill.
The orc hits you from afar with a +0 trident.
You have reached level 7!
The orc hits you with a +0 trident!
* * * LOW HITPOINT WARNING * * *
Things that are here:
a +0 club; an orc corpse Unknown command.
You are too injured to fight recklessly!
Unknown command.
You are too injured to fight recklessly!
Unknown command.
You are too injured to fight recklessly!
Unknown command.
You are too injured to fight recklessly!
Unknown command.
You are too injured to fight recklessly!
You hit the orc but do no damage. The orc hits you with a +0 trident!
* * * LOW HITPOINT WARNING * * *
Unknown command.
A red film seems to cover your vision as you go berserk!
You feel yourself moving faster!
You feel mighty! The orc hits you with a +0 trident.
You die...

#.#####.).)......#.........##..
#........))).#...#..........#..
..........###.........<.......
..........##.................
.............................
......(.....####.............
...###....##.##..............
### #..#......#.............
#...#$..@.##.............
#......))o...............
.........?.............##.
........>...........##.##..
#..###..............#.. ##. .
##........... ... #..
............ ... .............
... ...


You could see an orc.

Vanquished Creatures
  Grinder (D:4)
  An ogre (D:4)
  A scorpion (D:4)
  A jelly (D:4)
  An orc priest (D:4)
  Jessica (D:2)
  An iguana (D:4)
  An orc wizard (D:4)
  3 adders
  3 dart slugs
  7 orcs (D:4)
  2 ball pythons
  An endoplasm (D:1)
  2 giant cockroaches (D:1)
  A hobgoblin (D:1)
  7 jackals
  3 quokkas
  A bat (D:2)
  3 kobolds
  2 rats
43 creatures vanquished.

Notes
Turn   | Place    | Note
-------+----------+-------------------------------------------
     0 | D:1      | browni3141 the Minotaur Berserker began the quest for the
                  | Orb.
     0 | D:1      | Reached XP level 1. HP: 19/19 MP: 0/0
   146 | D:1      | Found a faded altar of an unknown god.
   187 | D:1      | Reached XP level 2. HP: 22/27 MP: 1/1
   817 | D:1      | Found a broken altar of Ashenzari.
   893 | D:2      | Reached XP level 3. HP: 33/33 MP: 2/2
   908 | D:2      | Noticed Jessica
   926 | D:2      | Killed Jessica
  1264 | D:2      | You fall into a shaft and drop 2 floors!
  1265 | D:4      | Noticed Grinder
  1269 | D:4      | Reached XP level 4. HP: 32/40 MP: 3/3
  1287 | D:4      | Paralysed by Grinder for 3 turns
  1297 | D:4      | Killed Grinder
  1298 | D:4      | Reached skill level 5 in Fighting
  1298 | D:4      | Reached skill level 5 in Axes
  1298 | D:4      | Reached XP level 5. HP: 8/48 MP: 4/4
  1558 | D:4      | Reached XP level 6. HP: 21/56 MP: 5/5
  2280 | D:4      | Reached ** piety under Trog
  2569 | D:4      | Reached skill level 5 in Armour
  2577 | D:4      | Reached XP level 7. HP: 20/62 MP: 6/6
  2578 | D:4      | HP: 2/62 [orc (8)]
  2579 | D:4      | Slain by an orc

Illustrated notes

Levels and vault maps discovered:
D:1:      dpeg_arrival_lava_altar, layout_basic,
          hellmonk_ecumenical_altar_blasted
D:2:      layout_rooms, uniq_jessica
D:4:      layout_cave_pools, temple_fountains, gup_sewer_entry_glass,
          uniq_grinder

Skill      XL: |  1  2  3  4  5  6 |
---------------+-------------------+-----
Axes           | 4 5 |  5.7
Fighting       | 4 5 |  5.7
Armour         | 3 4 5 |  5.0
Dodging        | 3 4 |  4.5

Action                   |  1- 3 |  4- 6 |  7- 9 || total
-------------------------+-------+-------+-------++-------
Melee: Hand axe          |    51 |    73 |     1 ||   125
       Headbutt          |     7 |    10 |       ||    17
       Punch             |     1 |       |       ||     1
Invok: Berserk           |       |     3 |     1 ||     4
 Stab: Sleeping          |     1 |       |       ||     1
Armor: Animal skin       |     3 |       |       ||     3
       Scale mail        |     8 |    27 |       ||    35
Dodge: Dodged            |    40 |    68 |       ||   108
